AoeStats
← Sylar

Nomad

517003596Analyzed
2v2 RM · 7d ago on Oct 28, 2026· 54m 16s· 4 players
Game mode
Random Map
Map size
176×176
Population
200
Speed
Normal
Resources
Standard
Victory
Conquest
Starting age
Dark Age
Ending age
Imperial Age
RankedLock teamsTeams togetherTeam positionsShared explorationLock speedFull tech treeHidden civsTurbo modeCheats
Victory
Defeat
🇺🇸 Huns · United States
878
+12
🇩🇪 Byzantines · Germany
842
+14
vs
🇫🇷 Huns · France
804
-13
🇫🇷 Goths · France
782
-13
Capybara
6:44 Loom
14:19 Feudal Age
15:19 Fishing Lines
15:40 Double-Bit Axe
21:01 Castle Age
21:26 Wheelbarrow
23:43 Gillnets
24:11 Bow Saw
30:23 Pikeman
31:10 Scale Mail Armor
31:37 Ballistics
33:47 Squires
33:43 Gold Mining
33:44 Stone Mining
34:50 Fortified Wall
35:36 Elite Skirmisher
37:55 Husbandry
37:54 Murder Holes
38:15 Clinker Construction
40:06 Stone Shaft Mining
40:09 Gold Shaft Mining
40:10 Stone Shaft Mining
39:33 Horse Collar
40:21 Medium Warships
45:16 Imperial Age
43:02 Scale Barding Armor
43:08 Forging
43:30 Treadmill Crane
45:41 Fletching
46:26 Iron Casting
46:24 Conscription
46:40 Hoardings
47:30 Chemistry
48:07 Greek Fire
49:07 Heavy Warships
50:51 Thumb Ring
50:58 Bodkin Arrow
LaCroixBoi
3:21 Loom
15:54 Feudal Age
20:14 Double-Bit Axe
27:14 Castle Age
25:45 Forging
26:08 Stone Mining
26:44 Horse Collar
27:06 Man-at-Arms
27:54 Gold Mining
29:20 Husbandry
38:50 Fletching
48:02 Imperial Age
46:17 Bloodlines
47:08 Scale Mail Armor
48:41 Wheelbarrow
47:52 Town Watch
49:08 Iron Casting
48:35 Padded Archer Armor
48:59 Ballistics
49:06 Conscription
51:06 Cavalier
Nomisteak
3:52 Loom
13:20 Feudal Age
14:00 Double-Bit Axe
17:24 Man-at-Arms
18:51 Horse Collar
19:47 Scale Mail Armor
20:16 Forging
27:04 Castle Age
25:24 Gold Mining
25:27 Stone Mining
30:39 Stone Shaft Mining
30:24 Chain Mail Armor
30:46 Iron Casting
30:41 Elite Skirmisher
32:50 Wheelbarrow
36:28 Padded Archer Armor
36:18 Fletching
39:02 Imperial Age
36:57 Murder Holes
37:14 Masonry
38:00 Long Swordsman
39:21 Anarchy
39:48 Town Watch
39:48 Pikeman
40:56 Squires
41:07 Halberdier
42:59 Conscription
44:17 Hand Cart
45:41 Bow Saw
45:33 Heavy Plow
50:01 Blast Furnace
52:15 Ballistics
51:36 Treadmill Crane
52:27 Architecture
Sylar
9:25 Loom
15:23 Feudal Age
18:21 Bloodlines
19:42 Scale Barding Armor
19:50 Forging
26:04 Castle Age
27:48 Wheelbarrow
26:58 Town Watch
28:35 Fishing Lines
29:49 Stone Mining
29:50 Gold Mining
30:25 Hand Cart
30:12 Elite Skirmisher
35:08 Double-Bit Axe
35:42 Horse Collar
36:55 Heavy Plow
43:41 Murder Holes
47:31 Squires
46:53 Pikeman
52:13 Gold Shaft Mining
51:42 Town Patrol
Connection lost

Rejoining the realm…

Still unreachable

The connection could not be restored.

Session expired

The server has moved on; the page needs a fresh start.